 Dungeon Crawl Stone Soup version 0.17-a0-1202-g2dd280d (webtiles) character file.

77 Kisielow the Sneak (level 4, -2/30 HPs)
             Began as a Vampire Enchanter on June 3, 2015.
             Slain by Robin
             ... wielding a +0 short sword
              (5 damage)
             ... on level 2 of the Dungeon.
             The game lasted 00:07:34 (3552 turns).

Kisielow the Sneak (Vampire Enchanter)              Turns: 3552, Time: 00:07:34

Health: -2/30      AC:  2    Str:  7    XL:     4   Next: 14%
Magic:  0/7        EV: 13    Int: 18    God:
Gold:   72         SH:  0    Dex: 16    Spells: 2 memorised, 4 levels left

rFire  x . .     SeeInvis +     e - +1 dagger (elec)
rCold  + + .     Clarity  .     b - +1 robe
rNeg   + + .     SustAt   .     (no shield)
rPois  +         Gourm    .     m - -2 helmet (curse)
rElec  .         Spirit   .     (no cloak)
rCorr  .         Warding  .     (no gloves)
rMut   .         Stasis   .     (no boots)
MR     .....                    (no amulet)
Stlth  ++++......               k - ring of ice
                                g - +2 ring of dexterity

@: regenerating slowly, not resistant to hostile enchantments, stealthy
A: fangs 3, see invisible, unbreathing
a: Bat Form


You were on level 2 of the Dungeon.
You were thirsty.

You visited 1 branch of the dungeon, and saw 2 of its levels.

You collected 72 gold pieces.

Inventory:

Hand weapons
 e - a +1 dagger of electrocution (weapon)
Armour
 b - a +1 robe (worn)
 m - a cursed -2 helmet (worn)
Jewellery
 g - a +2 ring of dexterity (left hand)
 k - a ring of ice (right hand)
 n - an uncursed amulet of faith {unknown}
Scrolls
 a - 2 scrolls of remove curse {unknown}
 h - a scroll of immolation {unknown}
 o - a scroll of identify {unknown}
Potions
 d - 5 potions of blood
 f - a potion of curing {unknown}
 i - a potion of degeneration {unknown}
 j - a potion of poison {unknown}
 l - a potion of flight {unknown}
Books
 c - a book of Maledictions

   Spells                             Type                      Level
   a - Corona                         Hexes                        1
   b - Ensorcelled Hibernation        Hexes/Ice                    2
   c - Confuse                        Hexes                        3
   d - Tukima's Dance                 Hexes                        3
   e - Dazzling Spray                 Conjuration/Hexes            3


   Skills:
 - Level 1.1 Short Blades
 - Level 2.1 Dodging
 + Level 6.5 Stealth
 - Level 2.0 Spellcasting
 + Level 5.8 Hexes


You had 4 spell levels left.
You knew the following spells:

 Your Spells              Type           Power        Failure   Level  Hunger
a - Corona                Hex            ###....      1%          1    #......
s - Ensorcelled Hibernat  Hex/Ice        ###...       12%         2    ###....


Dungeon Overview and Level Annotations

Branches:
Dungeon (2/15)

Altars:
Vehumet

Annotations:
D:2 Robin


Innate Abilities, Weirdness & Mutations

You heal slowly.
You have razor-sharp teeth.
You have supernaturally acute eyesight.
You can survive without breathing.


Message History

Aim: Robin, wielding a short sword, wearing an animal skin and wearing a brightly glowing helmet (chance to defeat MR: 57%)
You feel a surge of power!
Robin resists with almost no effort.
Robin closely misses you. The goblin barely misses you.
You closely miss the goblin. The goblin barely misses you.
Robin hits you with a short sword.
You barely miss the goblin. The goblin completely misses you.
Robin roars a battlecry!
The goblins go into a battle-frenzy!
Robin closely misses you.
The hobgoblin shouts!
You closely miss the goblin. The goblin closely misses you.
Robin hits you with a short sword.
You completely miss the goblin. The goblin hits you.
Robin hits you with a short sword!
* * * LOW HITPOINT WARNING * * *
You hit the goblin but do no damage. Your bite misses the goblin.
The goblin hits you.
* * * LOW HITPOINT WARNING * * *
Robin hits you with a short sword.
You die...

... .# #....#
..#### #....###
..# #......# ..#
#....#.# ###
#....#.# ####
#....#.####..g.#
#....#.#gg.gg#
######.#g# #.#@#
#.#g# #...#
#####


You could see Robin, 2 hobgoblins and a goblin (frenzied).

Vanquished Creatures
  2 adders (D:2)
  A worm (D:2)
  8 bats
  A giant cockroach (D:2)
  12 goblins
  5 hobgoblins
  6 kobolds
  2 quokkas (D:2)
  A ball python (D:2)
  3 giant geckos
  6 giant newts
  3 jackals (D:2)
  7 rats
57 creatures vanquished.

Vanquished Creatures (others)
  A kobold (D:2)
1 creature vanquished.

Grand Total: 58 creatures vanquished

Notes
Turn   | Place    | Note
--------------------------------------------------------------
     0 | D:1      | Kisielow the Vampire Enchanter began the quest for the Orb.
     0 | D:1      | Reached XP level 1. HP: 13/13 MP: 3/3
   286 | D:1      | Reached XP level 2. HP: 19/19 MP: 5/5
   319 | D:1      | Reached skill level 5 in Stealth
   327 | D:1      | Learned a level 2 spell: Ensorcelled Hibernation
   608 | D:1      | Reached skill level 5 in Hexes
  1105 | D:2      | Reached XP level 3. HP: 21/24 MP: 1/6
  2982 | D:2      | Reached skill level 6 in Stealth
  3057 | D:2      | Found a radiant altar of Vehumet.
  3190 | D:2      | Reached XP level 4. HP: 30/30 MP: 2/7
  3534 | D:2      | Noticed Robin
  3552 | D:2      | Slain by Robin

Vault maps used:
D:1:      dpeg_arrival_subterranean_lakeside_camping, minivault_26,
          nrook_mini_vaults, hangedman_decor_diamond_cutter
D:2:      fiery_altar_vehumet, uniq_robin

Action                   |  1- 3 |  4- 6 || total
-------------------------+-------+-------++-------
Melee: Dagger            |   102 |    24 ||   126
       Unarmed           |       |     4 ||     4
 Cast: Corona            |     4 |       ||     4
       Ensorcelled Hiber |    13 |     6 ||    19
 Abil: End Transformatio |       |     1 ||     1
       Bat Form          |       |     1 ||     1
  Use: Potion            |     9 |       ||     9
 Stab: Sleeping          |    23 |     3 ||    26
  Eat: Corpse            |     1 |       ||     1
